 Dungeon Crawl Stone Soup version 0.18-a0-987-g0b0e4e7 (webtiles) character file.

71278 st0uf the Fencer (level 15, -7/119 HPs)
             Began as a Formicid Fighter on Jan 3, 2016.
             Was the Champion of Okawaru.
             Killed by divine providence
             ... invoked by Saint Roka
              (14 damage)
             ... on level 2 of the Orcish Mines.
             The game lasted 03:22:31 (23121 turns).

st0uf the Fencer (Formicid Fighter)                Turns: 23121, Time: 03:22:31

Health: -7/119     AC: 38    Str: 30    XL:     15   Next: 81%
Magic:  15/16      EV: 15    Int:  8    God:    Okawaru [******]
Gold:   2101       SH: 16    Dex: 14    Spells: 0 memorised, 14 levels left

rFire  . . .     SeeInvis +     t - +9 triple sword (elec)
rCold  + . .     Gourm    .     z - +10 plate armour of the Tarantula {-Cast rC+ rCorr SInv}
rNeg   + . .     Faith    +     b - +0 shield {reflect}
rPois  +         Spirit   .     (helmet unavailable)
rElec  .         Dismiss  .     h - +1 ratskin cloak {rPois rN+ Int-1 Dex-1}
rCorr  +         Reflect  +     W - +2 pair of gloves of the Known World {Str+4}
SustAt .         Harm     .     V - +2 pair of boots
MR     +....     NoCast   +     E - amulet of faith
Stlth  ..........               v - +5 ring of strength
                                N - +2 ring of protection

@: heroism, somewhat resistant to hostile enchantments, extremely unstealthy
A: permanent stasis, dig shafts and tunnels, four strong arms, antennae 3
a: Dig, Shaft Self, Heroism, Finesse, Renounce Religion


You were on level 2 of the Orcish Mines.
You worshipped Okawaru.
Okawaru was exalted by your worship.
You were very hungry.

You visited 4 branches of the dungeon, and saw 22 of its levels.
You also visited: Labyrinth and Volcano.

You collected 2728 gold pieces.
You spent 627 gold pieces at shops.

Inventory:

Hand Weapons
 k - the +11 scimitar of Corruption {holy, rPois rC- Stlth+}
   (Okawaru gifted it to you on level 11 of the Dungeon)

   It has been blessed by the Shining One to cause great damage to the undead
   and demons.
   It makes you vulnerable to cold.
   It protects you from poison.
   It makes you more stealthy.
 t - a +9 triple sword of electrocution (weapon)
 w - a +2 long sword of flaming
 I - a +0 hunting sling
Missiles
 o - 108 sling bullets
 p - 457 stones (quivered)
 q - 34 sling bullets of frost
 B - 9 steel sling bullets
 T - 31 silver sling bullets
 Z - 24 sling bullets of flame
Armour
 b - a +0 shield of reflection (worn)
 h - the +1 ratskin cloak (worn) {rPois rN+ Int-1 Dex-1}
   (You found it on level 4 of the Lair of Beasts)

   It affects your intelligence (-1).
   It affects your dexterity (-1).
   It protects you from poison.
   It protects you from negative energy.
 j - a +2 large shield of protection
 z - the +10 plate armour of the Tarantula (worn) {-Cast rC+ rCorr SInv}
   (You took it off a minotaur in a labyrinth)

   It protects you from cold.
   It lets you see invisible.
   It prevents spellcasting.
   It protects you from acid and corrosion.
 S - the +2 large shield "Namuh" {+Blink Str+4}
   (Okawaru gifted it to you on level 8 of the Lair of Beasts)

   It affects your strength (+4).
   It lets you blink.
 V - a +2 pair of boots (worn)
 W - the +2 pair of gloves of the Known World (worn) {Str+4}
   (You found it on level 8 of the Dungeon)

   It affects your strength (+4).
Jewellery
 g - an uncursed ring of fire
 v - a +5 ring of strength (right hand)
 E - an amulet of faith (around neck)
 N - a +2 ring of protection (left hand)
Scrolls
 d - 2 scrolls of summoning
 e - 6 scrolls of remove curse
 l - a scroll of recharging
 m - a scroll of identify
 x - a scroll of magic mapping
 Q - 3 scrolls of fear
Potions
 i - a potion of cure mutation {unknown}
 C - 6 potions of invisibility
 F - 3 potions of flight
 G - 4 potions of agility
 H - 2 potions of resistance
 K - 2 potions of mutation {unknown}
 O - 4 potions of lignification
 P - 4 potions of cancellation
 U - 3 potions of curing
Comestibles
 a - 2 meat rations
 c - 5 chunks of flesh
 f - 9 bread rations


   Skills:
 + Level 11.4(16.4) Fighting
 * Level 17.0(22.0) Long Blades
 + Level 8.0(13.0) Slings
 + Level 9.5(14.5) Armour
 + Level 7.2(12.2) Dodging
 - Level 3.5(8.5) Stealth
 + Level 13.0(18.0) Shields
 - Level 2.4 Invocations


You had 14 spell levels left.
You didn't know any spells.

Dungeon Overview and Level Annotations

Branches:
Dungeon (11/15)            Temple (1/1) D:7            Lair (8/8) D:8
  Swamp (0/4) Lair:5       Spider (0/4) Lair:6        Slime (0/6) Lair:8
    Orc (2/2) D:11
    Elf: Orc:2

Altars:
Ashenzari
Cheibriados
Dithmenos
Elyvilon
Fedhas
Gozag
Kikubaaqudgha
Makhleb
Nemelex Xobeh
Okawaru
Pakellas
Qazlal
Ru
Sif Muna
Trog
Vehumet
Xom
Yredelemnul
Zin
The Shining One
Beogh
Jiyva

Shops:
D:5 [   D:10 !   Orc:2 =(*

Annotations:
Orc:2 Saint Roka


Innate Abilities, Weirdness & Mutations

You are under a permanent stasis effect.
You can dig through walls and to a lower floor.
Your four strong arms can wield two-handed weapons with a shield.
You have a pair of large antennae on your head (SInv).


Message History

Saint Roka hits you with a dire flail!!
* * * LOW HITPOINT WARNING * * *
You hit Saint Roka but do no damage.
There is a sudden explosion of sparks!
Saint Roka is severely wounded.
Saint Roka mumbles some strange prayers to Beogh against you.
Something smites you!
* * * LOW HITPOINT WARNING * * *
You slice Saint Roka!!
Saint Roka is severely wounded.
Saint Roka mumbles some strange prayers to Beogh against you.
Something smites you!
* * * LOW HITPOINT WARNING * * *
Drink which item? (? for menu, Esc to quit)
Okay, then.
You hit Saint Roka but do no damage.
Saint Roka is severely wounded.
You are feeling very hungry.
Saint Roka invokes the aid of Beogh against you.
Something smites you!
You die...

####... .........## #.#....
#.........## ......#
#..........##
......#####..........#
......##.###........#
.......#...........# ##.....
##...............# #......
#...[........##@# ### #.....
###.[<).....##o## #∩.# #8{o.8
#..))).....##{## #...# #.oo..
#####......###{## #...##{o..(
##..........###{## #...#.....
###......).....###{## #.{o...)(
#.#............####{#####{......
##...............####ho8o{o......
#.........#......#.#{ooo.........


You could see Saint Roka.

Vanquished Creatures
  Donald (Orc:1)
  An orc warlord (Orc:1)
  A minotaur (Lab)
  An ice dragon (Lair:8)
  A catoblepas (Lair:4)
  6 hydras
  A death knight (D:11)
  5 death yaks (Lair:8)
  2 orc high priests (Orc:2)
  Urug (Lair:2)
  Sonja (Lair:2)
  A deep elf knight (Volcano)
  An unseen horror (D:11)
  3 phantasmal warriors (D:11)
  2 lindwurms
  3 orc knights (Orc:2)
  2 hornets (Lair:8)
  A wolf spider (Lair:8)
  2 hill giants
  3 griffons
  3 orc sorcerers
  5 deep elf magi (Volcano)
  An ugly thing (D:11)
  A guardian serpent (Lair:8)
  Psyche (D:8)
  5 black mambas
  2 molten gargoyles (Volcano)
  15 spiny frogs
  7 torpor snails
  10 komodo dragons
  3 fire drakes
  A freezing wraith (D:11)
  12 blink frogs
  6 giant leeches (Lair:8)
  Prince Ribbit (Lair:2)
  4 trapdoor spiders
  A redback (Lair:8)
  A spriggan (Lair:2)
  A wyvern (Lair:8)
  2 fire bats (Volcano)
  44 yaks
  2 basilisks
  7 hippogriffs
  23 wolves
  4 wargs
  4 hell hounds (Orc:2)
  19 water moccasins
  An ice beast (D:6)
  22 orc warriors
  15 porcupines
  5 sky beasts
  4 necrophages
  3 black bears
  14 wasps
  An eye of draining (D:11)
  2 phantoms
  5 centaurs
  12 ogres
  14 crocodiles
  13 giant frogs
  A gnoll sergeant (D:7)
  4 big kobolds
  2 wyvern skeletons (D:10)
  A water moccasin zombie (D:7)
  4 scorpions
  4 killer bees
  14 wights
  3 electric eels (Lair:5)
  2 crimson imps (D:7)
  A lava snake (Volcano)
  3 jellies
  19 orc priests
  17 orc wizards
  A giant frog skeleton (D:10)
  4 hounds
  4 iguanas
  17 worker ants
  Terence (D:2)
  2 hell rats (Lair:2)
  11 sheep
  A killer bee zombie (D:11)
  A hound zombie (D:4)
  2 hound skeletons (D:8)
  4 mummies (D:11)
  2 worker ant zombies
  Robin (D:3)
  25 adders
  9 gnolls
  49 river rats
  6 shadow imps
  An ooze (D:1)
  2 adder zombies
  An adder skeleton (D:5)
  19 worms
  2 giant geckos
  50 orcs
  4 giant cockroaches
  21 goblins
  16 hobgoblins
  7 jackals
  A quokka (D:2)
  A ball python (D:1)
  A ball python skeleton (D:4)
  10 bats
  6 giant newts
  A jackal skeleton (D:6)
  5 kobolds
  A quokka skeleton (D:5)
  18 rats
  A plant (Lair:8)
718 creatures vanquished.

Vanquished Creatures (others)
  A komodo dragon (Lair:8)
  An orc (Orc:2)
  14 fungi
  30 plants
46 creatures vanquished.

Grand Total: 764 creatures vanquished

Notes
Turn   | Place    | Note
--------------------------------------------------------------
     0 | D:1      | st0uf the Formicid Fighter began the quest for the Orb.
     0 | D:1      | Reached XP level 1. HP: 18/18 MP: 1/1
   169 | D:1      | Reached XP level 2. HP: 13/24 MP: 2/2
   416 | D:1      | Reached XP level 3. HP: 29/29 MP: 3/3
   500 | D:1      | Reached skill level 4 in Shields
   719 | D:2      | Found an oddly glowing altar of Pakellas.
   893 | D:2      | Reached XP level 4. HP: 34/37 MP: 4/4
   899 | D:2      | Found a shimmering altar of Xom.
  1012 | D:2      | Found a sacrificial altar of Ru.
  1416 | D:3      | Reached XP level 5. HP: 24/42 MP: 5/5
  1591 | D:3      | Noticed Robin
  1592 | D:3      | Noticed Terence
  1683 | D:2      | Killed Terence
  1734 | D:3      | Killed Robin
  1959 | D:3      | Reached skill level 1 in Dodging
  2349 | D:3      | Reached XP level 6. HP: 41/48 MP: 6/6
  2372 | D:3      | Found an iron altar of Okawaru.
  2379 | D:3      | Became a worshipper of Warmaster Okawaru
  2869 | D:4      | Reached skill level 5 in Shields
  3057 | D:4      | Reached XP level 7. HP: 43/55 MP: 7/7
  3168 | D:4      | Reached * piety under Okawaru
  3756 | D:5      | Entered Level 5 of the Dungeon
  4186 | D:5      | Reached skill level 5 in Long Blades
  4186 | D:5      | Reached XP level 8. HP: 23/61 MP: 8/8
  4448 | D:5      | Reached skill level 5 in Fighting
  4480 | D:5      | Reached ** piety under Okawaru
  4523 | D:5      | Found Qioshrede's Antique Armour Shop.
  4527 | D:5      | Bought a pair of pitted gloves for 256 gold pieces
  4527 | D:5      | Identified the +0 pair of gloves "Jousche" {rPois rCorr MP-9 Int+5} (You bought it in a shop on level 5 of the Dungeon)
  4692 | D:5      | Reached skill level 1 in Slings
  4692 | D:5      | Reached skill level 5 in Armour
  5011 | D:6      | Reached skill level 6 in Long Blades
  5377 | D:6      | Reached skill level 1 in Stealth
  5436 | D:6      | Reached XP level 9. HP: 68/68 MP: 0/9
  5585 | D:6      | Reached *** piety under Okawaru
  6073 | D:6      | Found a basalt altar of Yredelemnul.
  6306 | D:6      | Found a bloodstained altar of Trog.
  6306 | D:6      | Found a burning altar of Makhleb.
  6353 | D:7      | Found a radiant altar of Vehumet.
  6491 | D:7      | Reached skill level 7 in Long Blades
  6648 | D:7      | Found an ancient bone altar of Kikubaaqudgha.
  7004 | D:7      | Found a staircase to the Ecumenical Temple.
  7077 | D:7      | Reached **** piety under Okawaru
  7101 | Temple   | Entered the Ecumenical Temple
  7680 | D:7      | Reached XP level 10. HP: 58/76 MP: 1/10
  7779 | D:8      | Received a gift from Okawaru
  7913 | D:8      | Got a pair of faintly humming gloves
  7915 | D:8      | Identified the +2 pair of gloves of the Known World {Str+4} (You found it on level 8 of the Dungeon)
  8152 | D:8      | Found a staircase to the Lair.
  8186 | D:8      | Reached skill level 5 in Dodging
  8230 | D:8      | Noticed Psyche
  8249 | D:8      | Killed Psyche
  8249 | D:8      | Reached skill level 8 in Long Blades
  8249 | D:8      | Reached skill level 5 in Slings
  8696 | D:8      | Noticed a two-headed hydra
  8768 | D:9      | Reached skill level 1 in Invocations
  8849 | D:9      | Received a gift from Okawaru
  9348 | D:9      | Found a glowing silver altar of Zin.
  9618 | D:5      | Bought a steaming chain mail for 256 gold pieces
  9618 | D:5      | Identified the +4 chain mail "Emepyelu" {Dex+2} (You bought it in a shop on level 5 of the Dungeon)
 10184 | D:7      | Reached ***** piety under Okawaru
 10318 | D:10     | Entered Level 10 of the Dungeon
 10354 | D:10     | Found Mukluno's Distillery.
 10402 | D:10     | Reached XP level 11. HP: 82/82 MP: 12/12
 10514 | D:10     | Reached skill level 9 in Long Blades
 11287 | D:11     | Noticed a hill giant
 11299 | D:11     | Killed a hill giant
 11312 | D:11     | Received a gift from Okawaru
 11316 | D:11     | Noticed a hill giant
 11317 | D:11     | Got an iridescent scimitar {god gift}
 11325 | D:10     | Identified the +11 scimitar of Corruption {holy, rPois rC- Stlth+} (Okawaru gifted it to you on level 11 of the Dungeon)
 11369 | D:10     | Killed a hill giant
 11369 | D:10     | Reached skill level 10 in Long Blades
 11413 | D:11     | Noticed a brown ugly thing
 11484 | Lair:1   | Entered Level 1 of the Lair of Beasts
 11808 | Lair:1   | Reached ****** piety under Okawaru
 11810 | Lair:1   | Received a gift from Okawaru
 11816 | Lair:1   | Reached XP level 12. HP: 71/91 MP: 11/13
 11823 | Lair:1   | Reached skill level 11 in Long Blades
 11829 | Lair:1   | Received a gift from Okawaru
 11837 | Lair:1   | Got an encrusted quarterstaff {god gift}
 11838 | Lair:1   | Identified the +11 quarterstaff of Gallantry {freeze, rF+ rC+ Dex+4} (Okawaru gifted it to you on level 1 of the Lair of Beasts)
 12635 | D:8      | Killed a two-headed hydra
 12918 | Lair:2   | Noticed a seven-headed hydra
 13131 | Lair:2   | Killed a seven-headed hydra
 13131 | Lair:2   | Reached skill level 12 in Long Blades
 13383 | Lair:2   | Received a gift from Okawaru
 13415 | Lair:2   | Noticed Prince Ribbit
 13423 | Lair:2   | Killed Prince Ribbit
 13440 | Lair:2   | Reached skill level 10 in Shields
 13631 | Lair:2   | Reached XP level 13. HP: 100/100 MP: 14/14
 13708 | Lair:2   | Noticed Urug
 13709 | Lair:2   | Noticed Sonja
 13736 | Lair:2   | Killed Urug
 13744 | Lair:2   | Killed Sonja
 14122 | Lair:2   | Reached skill level 13 in Long Blades
 14480 | Lair:3   | Received a gift from Okawaru
 14614 | Lair:3   | Noticed a six-headed hydra
 14625 | Lair:3   | Killed a six-headed hydra
 15091 | Lair:4   | Found a labyrinth entrance.
 15103 | Lab      | Entered a labyrinth
 15282 | Lab      | Noticed a minotaur
 15296 | Lab      | Killed a minotaur
 15298 | Lab      | Got a transparent bronze ring
 15303 | Lab      | Got a warped plate armour
 15310 | Lab      | Identified the +10 plate armour of the Tarantula {-Cast rC+ rCorr SInv} (You took it off a minotaur in a labyrinth)
 15312 | Lab      | Identified the ring "Gohu" {*Confuse Int+5 Slay+3} (You took it off a minotaur in a labyrinth)
 15955 | Lair:4   | Noticed a catoblepas
 15973 | Lair:4   | Killed a catoblepas
 16186 | Lair:5   | Noticed a six-headed hydra
 16195 | Lair:5   | Killed a six-headed hydra
 16195 | Lair:5   | Received a gift from Okawaru
 16619 | Lair:5   | Reached skill level 14 in Long Blades
 16636 | Lair:5   | Reached skill level 10 in Fighting
 16698 | Lair:5   | Found a staircase to the Swamp.
 17165 | Lair:6   | Reached XP level 14. HP: 110/110 MP: 15/15
 17496 | Lair:6   | Found a hole to the Spider Nest.
 17833 | Lair:7   | Found a dark tunnel.
 17840 | Volcano  | Entered a volcano
 18026 | Volcano  | Found a radiant altar of Vehumet.
 18699 | Lair:7   | Received a gift from Okawaru
 18813 | Lair:8   | Entered Level 8 of the Lair of Beasts
 19012 | Lair:8   | Received a gift from Okawaru
 19014 | Lair:8   | Reached skill level 15 in Long Blades
 19018 | Lair:8   | Got a slimy large shield {god gift}
 19045 | Lair:8   | Identified the +2 large shield "Namuh" {+Blink Str+4} (Okawaru gifted it to you on level 8 of the Lair of Beasts)
 19521 | Lair:8   | Found a runed door.
 19843 | Lair:8   | Received a gift from Okawaru
 19858 | Lair:8   | Reached XP level 15. HP: 112/117 MP: 16/16
 20105 | Lair:8   | Received a gift from Okawaru
 20105 | Lair:8   | Reached skill level 16 in Long Blades
 20187 | Lair:8   | Received a gift from Okawaru
 20670 | Lair:8   | Found a viscous altar of Jiyva.
 20671 | Lair:8   | Found a staircase to the Slime Pits.
 21129 | D:11     | Found a staircase to the Orcish Mines.
 21613 | D:11     | Found a stormy altar of Qazlal.
 21982 | Orc:1    | Entered Level 1 of the Orcish Mines
 22307 | Orc:2    | Entered Level 2 of the Orcish Mines
 22307 | Orc:2    | Noticed Donald
 22323 | Orc:1    | Killed Donald
 22443 | Orc:2    | Noticed an orc warlord
 22468 | Orc:1    | Killed an orc warlord
 22505 | Orc:2    | Found a roughly hewn altar of Beogh.
 22900 | Orc:2    | Received a gift from Okawaru
 22949 | Orc:2    | Found a roughly hewn altar of Beogh.
 23015 | Orc:2    | Reached skill level 17 in Long Blades
 23035 | Orc:2    | Found Yshoj's General Store.
 23057 | Orc:2    | Bought a scroll of recharging for 95 gold pieces
 23057 | Orc:2    | Bought a scroll of identify for 20 gold pieces
 23076 | Orc:2    | Found Syilec's Antique Weapon Boutique.
 23079 | Orc:2    | Noticed Saint Roka
 23083 | Orc:2    | Found Anoufesi's Jewellery Boutique.
 23121 | Orc:2    | Killed from afar by Saint Roka

Vault maps used:
D:1:      minmay_arrival_widening_spiral_wide, hangedman_decor_push,
          kennysheep_pointless_box
D:2:      grunt_pakellas_sulfur, lemuel_round_altar, first_bread,
          nicolae_ru_sacrificial_ziggurat
D:3:      corner_web_ring, okawaru_ov_weapons_minmay, uniq_terence, uniq_robin
D:5:      serial_shops, shop
D:6:      amethyst_overflow_temple_binary, basic_altar,
          kennysheep_generic_room_10
D:7:      kennysheep_housing_project, lemuel_crystal_altar, fiery_altar_vehumet,
          minmay_temple_entry_statues_fountains
D:8:      lair_0_dummy, hangedman_ranch, uniq_psyche
D:9:      zin_treasury
D:10:     serial_shops, shop
D:11:     david_orc_2, basic_altar, serial_undead, serial_undead_b,
          serial_undead_e, serial_undead_a, serial_undead_d
Temple:   chambers_temple_12
Lair:1:   grunt_megastairs_3
Lair:2:   kennysheep_abandoned_house, minivault_23,
          grunt_forest_large_clearing_hut, uniq_urug, uniq_sonja,
          uniq_prince_ribbit2
Lair:3:   infiniplex_staircase_pool
Lair:4:   lab_entry_generic, grunt_megastairs_2
Lair:5:   minmay_swamp_entry_eels, grunt_forest_stairs_basic
Lair:6:   spider_nest_entry_webs, infiniplex_staircase_pool_2,
          lemuel_fruit_tree, serial_bayou_shore_b
Lair:7:   enter_volcano_4
Lair:8:   wormcave, hangedman_lair_tendril_chambers,
          dpeg_slime_entry_enclosed_altar, lemuel_fruit_fields,
          serial_bayou_shore_b
Orc:2:    grunt_orc_cross, serial_shops, shop, bh_open_orc_temple, uniq_donald,
          uniq_azrael, uniq_saint_roka
Lab:      labyrinth_green
Volcano:  volcano_lake

Action                   |  1- 3 |  4- 6 |  7- 9 | 10-12 | 13-15 || total
-------------------------+-------+-------+-------+-------+-------++-------
Melee: Long sword        |   103 |   276 |   432 |   473 |    47 ||  1331
       Scimitar          |       |       |       |   250 |   856 ||  1106
       Great sword       |       |       |       |    10 |       ||    10
       Triple sword      |       |       |       |    38 |   283 ||   321
       Quarterstaff      |       |       |       |    12 |     7 ||    19
 Fire: Hunting sling     |       |       |   119 |   124 |    81 ||   324
Invok: Heroism           |       |       |     1 |     7 |     6 ||    14
 Abil: Dig               |       |       |     2 |     5 |    17 ||    24
Evoke: Wand              |       |       |       |     1 |       ||     1
  Use: Scroll            |       |       |     4 |    21 |    15 ||    40
       Potion            |       |       |       |       |     4 ||     4
 Stab: Sleeping          |       |       |       |     2 |     2 ||     4
       Distracted        |       |       |       |     1 |       ||     1
  Eat: Chunk             |       |     8 |    15 |    21 |    32 ||    76
       Fruit             |       |       |       |       |     1 ||     1
